 Dungeon Crawl Stone Soup version 0.27-a0-550-ge92ec0ca06 (webtiles) character file.

Game seed: 15819305370535230999

656 jestyr24 the Magician (level 7, -3/40 HPs)
             Began as a Deep Elf Conjurer on Mar 8, 2021.
             Slain by a lemure (6 damage)
             ... led by Pikel
             ... on level 4 of the Dungeon.
             The game lasted 00:15:35 (3806 turns).

jestyr24 the Magician (Deep Elf Conjurer)           Turns: 3806, Time: 00:15:35

Health: -3/40      AC:  3    Str:  4    XL:     7   Next: 29%
Magic:  17/19      EV: 13    Int: 25    God:
Gold:   224        SH:  0    Dex: 13    Spells: 17/20 levels left

rFire    . . .     SeeInvis .   n - +3 quarterstaff (chaos)
rCold    . . .     Faith    .   (shield currently unavailable)
rNeg     . . .     Spirit   .   a - +0 robe
rPois    .         Reflect  .   (no helmet)
rElec    .         Harm     .   f - scarf {repulsion}
rCorr    +         Rampage  .   (no gloves)
Will     .....                  u - +0 pair of boots
Stlth    +++.......             (no amulet)
HPRegen  0.13/turn              d - ring of resist corrosion
MPRegen  0.16/turn              j - ring of flight

@: repel missiles
A: no striking features
a: Evoke Flight


You were on level 4 of the Dungeon.
You visited 1 branch of the dungeon, and saw 4 of its levels.

You collected 224 gold pieces.

Inventory:

Hand Weapons
 e - a +0 short sword
 k - a +0 quarterstaff
 l - a +2 vorpal hand axe
 n - a +3 quarterstaff of chaos (weapon)
Missiles
 s - 19 poisoned darts
 w - 16 boomerangs
Armour
 a - a +0 robe (worn)
 f - a scarf of repulsion (worn)
 o - a +0 cloak
 u - a +0 pair of boots (worn)
Jewellery
 d - a ring of resist corrosion (left hand)
 j - a ring of flight (right hand)
 v - a +6 ring of strength
Scrolls
 b - 6 scrolls of identify {unknown}
 c - 2 scrolls of enchant weapon {unknown}
 i - a scroll of amnesia {unknown}
 p - 2 scrolls of teleportation {unknown}
 x - a scroll of blinking {unknown}
 y - a scroll of magic mapping {unknown}
Potions
 h - a potion of curing {unknown}
 m - a potion of cancellation {unknown}
 q - 2 potions of brilliance {unknown}
 r - a potion of berserk rage {unknown}
 t - a potion of mutation {unknown}
 z - a potion of haste {unknown}


   Skills:
 * Level 2.1 Fighting
 + Level 3.2 Dodging
 * Level 4.3 Stealth
 - Level 1.1 Unarmed Combat
 * Level 7.1 Spellcasting
 + Level 6.1 Conjurations


You had 17 spell levels left.
You knew the following spells:

 Your Spells              Type           Power      Damage    Failure   Level
a - Magic Dart            Conj           100%       1d8       1%          1
b - Searing Ray           Conj           78%        3d6       1%          2

Your spell library contained the following spells:

 Spells                   Type           Power      Damage    Failure   Level
 Dazzling Flash           Conj/Hex       48%        N/A       5%          3
 Fulminant Prism          Conj/Hex       12%        3d9       19%         4
 Iskenderun's Mystic Bla  Conj/Tloc      24%        2d7       19%         4


Dungeon Overview and Level Annotations

Branches:
Dungeon (4/15)
 Temple: D:4-7

Altars:

Annotations:
D:4 Pikel


Message History

The searing ray hits the lemure.
The lemure is moderately wounded.
The searing ray misses the lemure.
The searing ray hits the lemure!
The lemure is heavily wounded.
The searing ray misses the lemure.
You finish channeling your searing ray.
The lemure hits you but does no damage.
Unknown command.
You closely miss the lemure.
The lemure is heavily wounded.
You hit the lemure but do no damage.
The lemure is heavily wounded.
The lemure hits you. The lemure closely misses you.
The lemure barely misses you.
You barely miss the lemure.
The lemure is heavily wounded.
The lemure hits you. The lemure barely misses you.
You closely miss the lemure. The lemure hits you! The lemure barely misses you.
The lemure misses you.
You hit the lemure.
The lemure is severely wounded.
The lemure hits you but does no damage. The lemure closely misses you.
The lemure hits you but does no damage. The lemure hits you!
You closely miss the lemure.
The lemure is severely wounded.
The lemure barely misses you. The lemure hits you. x2
* * * LOW HITPOINT WARNING * * *
You closely miss the lemure.
The lemure is severely wounded.
The lemure completely misses you. The lemure hits you.
* * * LOW HITPOINT WARNING * * *
The lemure barely misses you. The lemure hits you.
* * * LOW HITPOINT WARNING * * *
The lemure hits you.
* * * LOW HITPOINT WARNING * * *
As you read the scroll labelled EMYLEU QUFOPUAF, it crumbles to dust.
The scroll dissolves into smoke.
It was a scroll of fog.
The lemure barely misses you. The lemure hits you.
You die...

........>.......#
...#.....!.....#
.#####.#.###...# ..
...........#...# ...
...........#.#...#
.....
..).........#†#...#
......
...............#...#
......
........§§5..###555#
.).... ........§@5..#
K..# ......
....(...§§5..# 5..#
...... ..†....§.....#
....................#
............).......#
....................#
....................#
....................#
.....<..............#


You could see 3 lemures.

Vanquished Creatures
  Sigmund (D:2)
  An ogre (D:4)
  A hound (D:4)
  Crazy Yiuf (D:2)
  2 iguanas (D:4)
  Terence (D:2)
  2 orc wizards
  2 worker ants (D:4)
  6 adders
  3 gnolls (D:3)
  An ooze (D:3)
  An adder skeleton (D:4)
  2 worms (D:2)
  5 leopard geckos
  5 orcs
  A ball python (D:4)
  9 bats
  5 giant cockroaches
  4 hobgoblins
  7 jackals
  12 kobolds
  A quokka (D:2)
  2 frilled lizards (D:2)
  8 goblins
  8 rats
91 creatures vanquished.

Notes
Turn   | Place    | Note
-------+----------+-------------------------------------------
     0 | D:1      | jestyr24 the Deep Elf Conjurer began the quest for the Orb.
     0 | D:1      | Reached XP level 1. HP: 10/10 MP: 6/6
   172 | D:1      | Reached XP level 2. HP: 15/15 MP: 4/8
   212 | D:1      | Learned a level 2 spell: Searing Ray
  1252 | D:2      | Reached XP level 3. HP: 20/20 MP: 6/9
  1452 | D:2      | Noticed Terence
  1457 | D:2      | Killed Terence
  1458 | D:2      | Reached skill level 5 in Conjurations
  1486 | D:2      | Reached XP level 4. HP: 17/24 MP: 1/11
  1710 | D:2      | Found a runed translucent door.
  1711 | D:2      | Noticed Crazy Yiuf
  1718 | D:2      | Killed Crazy Yiuf
  1719 | D:2      | Reached skill level 1 in Fighting
  1719 | D:2      | Reached skill level 4 in Spellcasting
  2092 | D:2      | Noticed Sigmund
  2099 | D:2      | Killed Sigmund
  2100 | D:2      | Reached skill level 1 in Unarmed Combat
  2100 | D:2      | Reached skill level 5 in Spellcasting
  2100 | D:2      | Reached XP level 5. HP: 19/29 MP: 5/14
  2100 | D:2      | Reached XP level 6. HP: 22/34 MP: 5/15
  3412 | D:4      | Reached skill level 6 in Spellcasting
  3535 | D:4      | Reached XP level 7. HP: 40/40 MP: 7/19
  3651 | D:4      | Reached skill level 7 in Spellcasting
  3785 | D:4      | Noticed Pikel
  3806 | D:4      | Slain by a lemure

Illustrated notes

Levels and vault maps discovered:
D:1:      dpeg_arrival_pits, layout_basic
D:2:      layout_loops_ring, kennysheep_generic_room_12, uniq_sigmund,
          uniq_terence, uniq_crazy_yiuf_cottage
D:3:      layout_rooms
D:4:      layout_basic, uniq_pikel

Skill      XL: |  1  2  3  4  5  6  7 |
---------------+----------------------+-----
Stealth        | 3 4 |  4.3
Conjurations   | 5 6 |  6.1
Fighting       | 1 2 |  2.1
Spellcasting   | 5 6 7 |  7.1
Dodging        | 3 |  3.2
Unarmed Combat | 1 |  1.1

Action                   |  1- 3 |  4- 6 |  7- 9 || total
-------------------------+-------+-------+-------++-------
Melee: Short sword       |    16 |       |       ||    16
       Hand axe          |     4 |       |       ||     4
       Quarterstaff      |       |    29 |    10 ||    39
 Cast: Magic Dart        |    42 |    56 |     5 ||   103
       Searing Ray       |     9 |    17 |     2 ||    28
  Use: Scroll            |       |       |     1 ||     1
 Stab: Sleeping          |     1 |       |       ||     1
Armor: Robe              |     7 |     6 |     4 ||    17
Dodge: Dodged            |    31 |    22 |    15 ||    68

Table legend: (Time is in decaauts)
 A = Elapsed time spent in this place.
 B = Non-inter-level travel time spent in this place.
 C = Inter-level travel time spent in this place.
 D = Time resting spent in this place.
 E = Time spent auto-exploring this place.
 F = Levels seen in this place.
 G = Mean time per level.
                   A        B        C        D        E       F      G
               +--------+--------+--------+--------+--------+-----+--------+
         Total |   3818 |   3687 |    131 |    845 |   2262 |   4 |  954.5 |
       Dungeon |   3818 |   3687 |    131 |    845 |   2262 |   4 |  954.5 |
               +--------+--------+--------+--------+--------+-----+--------+

Top non-repeatable levels by time:
     D:2: 1354 daAuts
     D:1: 1325 daAuts
     D:3: 733 daAuts
     D:4: 405 daAuts
